 Dungeon Crawl Stone Soup version 0.29.1-2-gbd0b4ee654 (webtiles) character file.

Game seed: 2137614350478038946

774 qeuew the Slasher (level 7, -5/54 HPs)
             Began as a Demonspawn Gladiator on Nov 2, 2022.
             Was a Follower of Nemelex Xobeh.
             Slain by a gnoll sergeant
             ... wielding a +0 spear
              (6 damage)
             ... on level 5 of the Dungeon.
             The game lasted 00:09:42 (5497 turns).

qeuew the Slasher (Demonspawn Gladiator)            Turns: 5497, Time: 00:09:42

Health: -5/54      AC:  6    Str: 10 (13) XL:     7   Next: 53%
Magic:  10/10      EV: 12    Int:  6 (9)  God:    Nemelex Xobeh [*.....]
Gold:   188        SH:  6    Dex: 13 (16) Spells: 6/6 levels left

rFire   . . .      SeeInvis .   a - +0 long sword (freeze)
rCold   . . .      Faith    .   (no shield)
rNeg    . . .      Spirit   .   f - +1 leather armour {Will+}
rPois   .          Reflect  .   c - +0 helmet
rElec   .          Harm     .   (no cloak)
rCorr   .          Rampage  .   m - +0 pair of gloves
Will    +....      Clarity  +   (no boots)
Stlth   +.........              (no amulet)
HPRegen 0.18/turn               (no ring)
MPRegen 0.12/turn               (no ring)

@: marked, studying Fighting
A: hooves 1, large bone plates 2, demonic guardian 1, clarity, high MP 1, weak
1, noise suppression
a: Renounce Religion, Draw Escape, Draw Destruction, Draw Summoning


You were on level 5 of the Dungeon.
You worshipped Nemelex Xobeh.
Nemelex Xobeh was aware of your devotion.
You visited 1 branch of the dungeon, and saw 5 of its levels.

You collected 188 gold pieces.

Inventory:

Hand Weapons
 a - a +0 long sword of freezing (weapon)
Missiles
 d - 3 throwing nets (quivered)
 e - a javelin
Armour
 c - a +0 helmet (worn)
 f - a +1 leather armour of willpower (worn)
 m - a +0 pair of gloves (worn)
Wands
 l - a wand of paralysis (6)
Scrolls
 j - 2 scrolls of amnesia
Potions
 i - a potion of might


   Skills:
 + Level 4.0 Fighting
 + Level 5.8 Long Blades
 + Level 1.9 Throwing
 + Level 2.3 Armour
 + Level 3.7 Dodging
 - Level 0.9 Stealth
 + Level 1.3 Shields
 * Level 3.4 Invocations


You had 6 spell levels left.
You didn't know any spells.
Your spell library contained the following spells:

 Spells                   Type           Power      Damage    Failure   Level
 Summon Guardian Golem    Hex/Summ       0%         N/A       89%         3
 Orb of Destruction       Conj           0%         9d5       100%        7
 Spellforged Servitor     Conj/Summ      0%         N/A       100%        7


Dungeon Overview and Level Annotations

Branches:
Dungeon (5/15)
 Temple: D:4-7

Altars:
Cheibriados
Nemelex Xobeh
Sif Muna

Shops:
D:2 [   D:4 ***


Innate Abilities, Weirdness & Mutations

You have large cloven feet.
You are mostly covered in large bone plates. (SH +6)
A weak demonic guardian rushes to your aid.
You possess an exceptional clarity of mind.
You have an increased reservoir of magic. (+10% MP)
You are weak. (Str -2)
You passively dampen the noise of your surroundings.


Message History

You closely miss the scorpion.
You kick the scorpion, but do no damage.
The scorpion is moderately wounded.
You feel sick. The scorpion closely misses you.
The scorpion stings you but does no damage.
The scorpion completely misses you.
Unknown command.
You barely miss the scorpion.
You kick the scorpion, but do no damage.
The scorpion is lightly wounded.
You feel sick. The scorpion stings you.
A gnoll comes into view. It is wielding a +0 club.
The scorpion barely misses you.
The scorpion stings you but does no damage.
You hit the scorpion. You freeze the scorpion. You kick the scorpion.
The scorpion is severely wounded.
You feel sick. The scorpion stings you.
* * * LOW HITPOINT WARNING * * *
The gnoll closely misses you. The gnoll sergeant misses you.
The scorpion barely misses you.
You closely miss the scorpion.
The scorpion is severely wounded.
You feel sick. You block the scorpion's attack.
The gnoll hits you with a +0 club.
* * * LOW HITPOINT WARNING * * *
The gnoll sergeant hits you but does no damage.
The scorpion stings you.
* * * LOW HITPOINT WARNING * * *
A demonic guardian appears!
The scorpion closely misses you.
You hit the scorpion. You freeze the scorpion.
You kill the scorpion!
You feel sick.
You are no longer poisoned.
The scorpion misses you. You block the gnoll's attack.
The gnoll sergeant hits you from afar with a +0 spear!
* * * LOW HITPOINT WARNING * * *
You block the scorpion's attack.
The gnoll sergeant hits you from afar with a +0 spear.
You die...
Your body disappears without a glow.

.. .. #..## .#.
#..#. ... ##....
.....#
#.#....#########
...............
#gg5.....#
#s@†?...#
##g.....#
###......#
...#......###
#.....<..#
##.......#
##......#
#......#
#......#


You could see a gnoll sergeant, a scorpion, 2 gnolls and a friendly shadow imp
(summoned).

Vanquished Creatures
  Grinder (D:4)
  A scorpion (D:5)
  A howler monkey (D:4)
  A hound (D:4)
  An orc priest (D:5)
  An iguana (D:4)
  A jelly (D:4)
  Natasha (thrice) (D:3)
  3 orc wizards
  9 adders
  A white imp (D:3)
  An ufetubus (D:3)
  3 worms (D:3)
  A dart slug (D:1)
  10 orcs
  7 endoplasms
  3 giant cockroaches
  3 goblins
  6 hobgoblins
  9 jackals
  3 quokkas
  8 ball pythons
  3 bats (D:2)
  2 kobolds
  3 rats
85 creatures vanquished.

Vanquished Creatures (collateral kills)
  2 iguanas
  A gnoll (D:5)
  2 adders (D:4)
  3 orcs
  A jackal (D:4)
9 creatures vanquished.

Grand Total: 94 creatures vanquished

Notes
Turn   | Place    | Note
-------+----------+-------------------------------------------
     0 | D:1      | qeuew the Demonspawn Gladiator began the quest for the Orb.
     0 | D:1      | Reached XP level 1. HP: 16/16 MP: 1/1
   247 | D:1      | Found a faded altar of an unknown god.
   290 | D:1      | Gained mutation: You are partially covered in large bone
                  | plates. (SH +4) [demonic ancestry]
   290 | D:1      | Reached XP level 2. HP: 16/22 MP: 2/2
   456 | D:1      | Reached skill level 3 in Long Blades
  1229 | D:2      | Gained mutation: You have large cloven feet. [demonic
                  | ancestry]
  1229 | D:2      | Reached XP level 3. HP: 22/27 MP: 3/3
  1437 | D:2      | Reached XP level 4. HP: 24/33 MP: 4/4
  1449 | D:2      | Reached skill level 4 in Long Blades
  1450 | D:2      | Reached skill level 1 in Armour
  1846 | D:2      | Found Hualaamaxt's Antique Armour Shoppe.
  2442 | D:3      | Gained mutation: A weak demonic guardian rushes to your
                  | aid. [demonic ancestry]
  2442 | D:3      | Reached XP level 5. HP: 30/38 MP: 5/5
  2686 | D:3      | Found a sparkling altar of Nemelex Xobeh.
  2686 | D:3      | Found a snail-covered altar of Cheibriados.
  2707 | D:3      | Became a worshipper of Nemelex Xobeh the Trickster
  2718 | D:3      | Noticed Natasha
  2725 | D:3      | Killed Natasha
  2856 | D:3      | Noticed Natasha
  2868 | D:3      | Killed Natasha
  2869 | D:3      | Reached skill level 1 in Invocations
  3398 | D:3      | Found a shimmering blue altar of Sif Muna.
  3421 | D:3      | Noticed Natasha
  3435 | D:3      | Killed Natasha
  3735 | D:3      | Identified a scroll of acquirement
  3735 | D:3      | Acquired a manual of Fighting
  3788 | D:4      | Gained mutation: You are mostly covered in large bone
                  | plates. (SH +6) [demonic ancestry]
  3788 | D:4      | Reached XP level 6. HP: 35/46 MP: 7/7
  4123 | D:4      | Noticed Grinder
  4145 | D:4      | Killed Grinder
  4146 | D:4      | Reached skill level 5 in Long Blades
  4146 | D:4      | Reached skill level 1 in Shields
  4146 | D:4      | Reached XP level 7. HP: 24/52 MP: 7/9
  4382 | D:4      | Found Nuar's Serpentskin Sales.
  4616 | D:4      | Reached * piety under Nemelex Xobeh
  4749 | D:4      | Found Abiust's Specific Store.
  4753 | D:4      | Found Misudd's General Store.
  4862 | D:4      | Gained mutation: You possess an exceptional clarity of
                  | mind. [potion of mutation]
  4862 | D:4      | Gained mutation: You are weak. (Str -2) [potion of
                  | mutation]
  4862 | D:4      | Gained mutation: You have an increased reservoir of magic.
                  | (+10% MP) [potion of mutation]
  4862 | D:4      | Gained mutation: You passively dampen the noise of your
                  | surroundings. [potion of mutation]
  4902 | D:5      | Entered Level 5 of the Dungeon
  5497 | D:5      | HP: 1/54 [gnoll sergeant/+0 spear (8)]
  5497 | D:5      | Slain by a gnoll sergeant

Illustrated notes

Levels and vault maps discovered:
D:1:      wander_arrival_fairy_ring, layout_basic,
          hellmonk_ecumenical_altar_pennies_from_heaven
D:2:      layout_loops_ring, serial_shops, shop_fountains
D:3:      layout_loops_ring, lemuel_round_altar,
          gammafunk_temple_overflow_elements, fountainhead, minmay_door_square,
          uniq_natasha
D:4:      layout_basic, hangedman_abyss_or_decor_slice, nicolae_specific_store,
          guppyfry_shop_venom, uniq_grinder
D:5:      layout_rooms, nicolae_vehumet_altar_sigil

Skill      XL: |  1  2  3  4  5  6  7 |
---------------+----------------------+-----
Long Blades    | 3 4 5 |  5.8
Dodging        | 3 |  3.7
Armour         | 1 2 |  2.3
Invocations    | 1 2 3 |  3.4
Fighting       | 3 4 |  4.0
Shields        | 1 |  1.3
Throwing       | |  1.9
Stealth        | |  0.9

Action                   |  1- 3 |  4- 6 |  7- 9 || total
-------------------------+-------+-------+-------++-------
Melee: Long sword        |    66 |   182 |    94 ||   342
       Kick              |     2 |    39 |    19 ||    60
       Punch             |     1 |       |     1 ||     2
  Use: Scroll            |     4 |     4 |     2 ||    10
       Potion            |     1 |       |     6 ||     7
 Stab: Sleeping          |       |     2 |     1 ||     3
       Distracted        |       |     1 |       ||     1
Armor: Leather armour    |    15 |    42 |    33 ||    90
Dodge: Dodged            |    44 |   121 |    61 ||   226
Block: Other             |    12 |    46 |    25 ||    83
